 Dungeon Crawl Stone Soup version 0.23.2 (webtiles) character file.

Game seed: 7538900737269390323

5658 Borgoz the Slicer (level 11, -5/68 HPs)
             Began as a Kobold Gladiator on Apr 12, 2019.
             Was an Initiate of Ashenzari.
             Killed from afar by an electric eel (9 damage)
             ... with a bolt of electricity
             ... on level 8 of the Dungeon.
             The game lasted 00:19:42 (11269 turns).

Borgoz the Slicer (Kobold Gladiator)               Turns: 11269, Time: 00:19:42

Health: -5/68      AC: 13    Str: 11 (13) XL:     11   Next: 4%
Magic:  23/23      EV: 18    Int: 15 (16) God:    Ashenzari [......]
Gold:   269        SH:  0    Dex: 15 (17) Spells: 10/10 levels left

rFire    x . .     SeeInvis +   b - +0 dagger (venom)
rCold    . . .     Gourm    .   (shield restricted)
rNeg     . . .     Faith    .   q - +3 ring mail
rPois    +         Spirit   .   c - +1 helmet
rElec    .         Reflect  .   (no cloak)
rCorr    .         Harm     .   (no gloves)
MR       +....                  y - +0 pair of boots
Stlth    ++........             (no amulet)
HPRegen  0.21/turn              F - ring of see invisible
MPRegen  0.18/turn              B - ring of the Original Sin {rPois rF- MR+ MP+9 Int+5}

@: no status effects
A: small, carnivore
a: Curse Item, Renounce Religion


You were on level 8 of the Dungeon.
You worshipped Ashenzari.
Ashenzari was noncommittal.
You were very full.

You visited 2 branches of the dungeon, and saw 9 of its levels.

You collected 269 gold pieces.

Inventory:

Hand Weapons
 a - a +4 dagger
 b - a +0 dagger of venom (weapon)
 x - a +0 rapier
Armour
 c - a +1 helmet (worn)
 q - a +3 ring mail (worn)
 y - a +0 pair of boots (worn)
Jewellery
 s - an uncursed ring of protection from cold
 B - the ring of the Original Sin (right hand) {rPois rF- MR+ MP+9 Int+5}
   (You found it on level 5 of the Dungeon)

   [ring of magical power]

   It affects your intelligence (+5).
   It makes you vulnerable to fire.
   It protects you from poison.
   It affects your resistance to hostile enchantments.
   It affects your magic capacity (+9).
 F - a ring of see invisible (left hand)
Wands
 m - a wand of flame (10)
 G - a wand of digging (7)
Scrolls
 d - 3 scrolls of enchant armour
 e - 3 scrolls of magic mapping {unknown}
 h - 3 scrolls of remove curse
 j - 4 scrolls of random uselessness {unknown}
 k - 4 scrolls of teleportation
 l - 4 scrolls of amnesia
 n - a scroll of immolation {unknown}
 p - a scroll of noise {unknown}
 t - a scroll of fog
Potions
 i - a potion of lignification
 z - a potion of brilliance
Comestibles
 f - 14 rations


   Skills:
 + Level 7.7 Fighting
 + Level 9.7 Short Blades
 - Level 2.1 Throwing
 * Level 7.8 Armour
 + Level 8.9 Dodging
 - Level 2.6 Stealth
 - Level 5.0 Evocations


You had 10 spell levels left.
You didn't know any spells.
Your spell library contained the following spells:

 Spells                   Type           Power        Failure   Level  Hunger
 Freeze                   Ice            #...         50%         1    ##.....
 Magic Dart               Conj           #...         50%         1    ##.....
 Searing Ray              Conj           #.....       63%         2    ###....
 Throw Frost              Conj/Ice       #.....       63%         2    ###....
 Dazzling Spray           Conj/Hex       #.....       86%         3    ####...
 Ozocubu's Armour         Chrm/Ice       #.......     86%         3    ####...
 Force Lance              Conj/Tloc      #.......     99%         4    #####..
 Fulminant Prism          Conj/Hex       #.........   99%         4    #####..
 Iskenderun's Mystic Bla  Conj           #.......     99%         4    #####..
 Summon Ice Beast         Ice/Summ       #.......     99%         4    #####..
 Throw Icicle             Conj/Ice       #.......     99%         4    #####..


Dungeon Overview and Level Annotations

Branches:
Dungeon (8/15)             Temple (1/1) D:6            Lair (0/6) D:8

Altars:
Ashenzari
Cheibriados
Dithmenos
Elyvilon
Fedhas
Gozag
Kikubaaqudgha
Makhleb
Nemelex Xobeh
Okawaru
Qazlal
Sif Muna
Trog
Uskayaw
Vehumet
Wu Jian
Xom
Yredelemnul
Zin

Annotations:
D:8 Flogoulo's ghost, novice FoFi


Innate Abilities, Weirdness & Mutations

You are small and have problems with some larger weapons.
You are carnivorous and can eat meat at any time.


Message History

Flogoulo's ghost hits your orc!
Your orc dies!
Your orc's corpse dissolves into shadows!
Your surroundings suddenly seem different.
Splash!
You fall into the shallow water.
Moving in this stuff is going to be slow.
You miss the electric eel.
The electric eel shoots out a bolt of lightning at you!
The bolt of electricity hits you!
* * * LOW HITPOINT WARNING * * *
Unknown command.
The electric eel shoots out a bolt of lightning at you!
The bolt of electricity hits you.
* * * LOW HITPOINT WARNING * * *
The electric eel shoots out a bolt of lightning at you!
The bolt of electricity misses you.
The electric eel shoots out a bolt of lightning at you!
The bolt of electricity hits you!
You die...

#..≈≈≈≈≈.≈.≈≈...##.#
#...≈≈≈≈.≈≈≈≈≈..##.##
#.≈..≈≈≈.≈;≈≈≈..>...####
#..≈≈.≈≈.≈≈≈≈...##.....#
#..≈≈≈.≈..≈≈≈...##.###.#
#.≈≈≈≈.....≈≈≈..##.##o.#
#≈≈≈≈;≈!.≈.≈≈≈..##.##o##
..≈≈≈≈≈≈.....≈≈≈.#..##o#
##≈≈≈≈≈≈.@.≈$≈≈..#.###.#
#≈≈≈≈≈≈....≈≈≈....# #.#
..≈≈≈≈≈.≈.≈.≈≈≈≈..## #.#
.#≈≈≈≈≈≈≈≈≈≈≈≈....# #(#
..≈.≈≈≈≈≈≈≈≈≈≈...## #.#
#..≈.≈≈≈≈≈.≈.≈≈."# #.#
....≈.≈.≈≈......# #.#
...≈≈.≈.≈....≈.# #.#
..≈...!....# #(#


You could see 2 electric eels.

Vanquished Creatures
  Pikel (D:4)
  Joseph (D:8)
  A troll (D:8)
  Sigmund (D:4)
  5 orc warriors
  2 ice beasts (D:5)
  A sky beast (D:5)
  A phantom (D:5)
  2 slaves (D:4)
  3 ogres
  2 wolves (D:8)
  4 centaurs
  Blork the orc (D:4)
  4 bullfrogs
  5 scorpions
  3 killer bees
  13 wights
  2 howler monkeys
  2 electric eels (D:8)
  A bullfrog zombie (D:7)
  2 crimson imps
  12 hounds
  A quasit (D:6)
  A jelly (D:5)
  2 centaur skeletons
  6 orc priests
  9 orc wizards
  3 iguanas
  A bullfrog skeleton (D:7)
  5 worker ants
  A howler monkey zombie (D:7)
  Robin (D:3)
  4 gnolls
  3 howler monkey skeletons
  8 adders
  An adder zombie (D:8)
  2 adder skeletons
  8 worms
  5 dart slugs
  5 leopard geckos
  29 orcs
  5 bats
  6 giant cockroaches
  9 goblins
  9 hobgoblins
  11 jackals
  5 kobolds
  A ball python (D:3)
  6 frilled lizards
  A jackal skeleton (D:6)
  3 jackal zombies
  A leopard gecko skeleton (D:7)
  A leopard gecko zombie (D:5)
  A quokka zombie (D:8)
  A rat (D:2)
224 creatures vanquished.

Vanquished Creatures (others)
  A frilled lizard (D:4)
1 creature vanquished.

Grand Total: 225 creatures vanquished

Notes
Turn   | Place    | Note
-------+----------+-------------------------------------------
     0 | D:1      | Borgoz the Kobold Gladiator began the quest for the Orb.
     0 | D:1      | Reached XP level 1. HP: 12/12 MP: 1/1
    75 | D:1      | Reached XP level 2. HP: 11/18 MP: 2/2
   394 | D:1      | Reached skill level 1 in Stealth
   546 | D:1      | Reached XP level 3. HP: 22/22 MP: 3/3
   948 | D:2      | Reached skill level 1 in Armour
   948 | D:2      | Reached XP level 4. HP: 16/27 MP: 4/4
  1555 | D:3      | Found an iron altar of Okawaru.
  1612 | D:3      | Found a white marble altar of Elyvilon.
  1720 | D:3      | Noticed Robin
  1731 | D:3      | Reached XP level 5. HP: 31/32 MP: 5/5
  1741 | D:3      | Killed Robin
  2598 | D:3      | Reached skill level 5 in Short Blades
  2779 | D:3      | Reached XP level 6. HP: 34/37 MP: 6/6
  3039 | D:4      | Noticed Blork the orc
  3060 | D:4      | Killed Blork the orc
  3080 | D:4      | Reached skill level 5 in Dodging
  3108 | D:4      | Reached XP level 7. HP: 28/42 MP: 7/7
  3266 | D:4      | Noticed Sigmund
  3366 | D:4      | Killed Sigmund
  3366 | D:4      | Reached skill level 6 in Short Blades
  3633 | D:4      | Reached XP level 8. HP: 27/48 MP: 8/8
  4181 | D:4      | Noticed Pikel
  4239 | D:4      | Killed Pikel
  4239 | D:4      | Reached skill level 5 in Fighting
  4239 | D:4      | Reached skill level 7 in Short Blades
  4619 | D:5      | Entered Level 5 of the Dungeon
  4755 | D:5      | Reached skill level 5 in Armour
  4755 | D:5      | Reached XP level 9. HP: 51/54 MP: 9/9
  5436 | D:5      | Found a basalt altar of Yredelemnul.
  5704 | D:5      | Got a heavily runed granite ring
  5707 | D:5      | Identified the ring of the Original Sin {rPois rF- MR+ MP+9
                  | Int+5} (You found it on level 5 of the Dungeon)
  5785 | D:5      | Reached skill level 8 in Short Blades
  5785 | D:5      | Reached skill level 1 in Evocations
  7000 | D:6      | Reached XP level 10. HP: 61/61 MP: 11/11
  7024 | D:6      | Found a staircase to the Ecumenical Temple.
  7060 | Temple   | Entered the Ecumenical Temple
  7156 | Temple   | Became a worshipper of Ashenzari the Shackled
  8373 | D:7      | Reached skill level 9 in Short Blades
 10346 | D:8      | Noticed Joseph
 10397 | D:8      | Killed Joseph
 10449 | D:8      | Found a staircase to the Lair.
 10790 | D:8      | Found a runed translucent door.
 10800 | D:8      | Reached XP level 11. HP: 62/68 MP: 14/14
 10804 | D:8      | Reached skill level 5 in Evocations
 11201 | D:8      | Noticed Flogoulo's ghost (novice FoFi)
 11269 | D:8      | Killed from afar by an electric eel

Skill      XL: |  1  2  3  4  5  6  7  8  9 10 11 |
---------------+----------------------------------+-----
Stealth        | 1 2 |  2.6
Dodging        | 4 5 6 7 8 |  8.9
Armour         | 1 2 3 5 6 7 |  7.8
Fighting       | 3 4 5 6 7 |  7.7
Short Blades   | 5 6 7 8 9 |  9.7
Evocations     | 2 4 5 |  5.0
Throwing       | |  2.1

Action                   |  1- 3 |  4- 6 |  7- 9 | 10-12 || total
-------------------------+-------+-------+-------+-------++-------
Melee: Rapier            |    78 |   130 |       |       ||   208
       Dagger            |       |   147 |   696 |   685 ||  1528
Throw: Throwing net      |     1 |     4 |     3 |     1 ||     9
Evoke: Wand              |       |       |       |     2 ||     2
  Use: Scroll            |     3 |     4 |     1 |     8 ||    16
       Potion            |     1 |     4 |     5 |     8 ||    18
 Stab: Sleeping          |     2 |     3 |     2 |     1 ||     8
       Held in net/web   |       |     2 |       |       ||     2
  Eat: Chunk             |     8 |     7 |    13 |    14 ||    42
Armor: Leather armour    |    13 |     6 |       |       ||    19
       Ring mail         |       |    78 |   102 |    95 ||   275
       Skin              |       |       |       |     8 ||     8
Dodge: Dodged            |    77 |   224 |   369 |   364 ||  1034
